 Dungeon Crawl Stone Soup version 0.19.4-8-ga85b6b9 (webtiles) character file.

690 Kosschaser the Sneak (level 7, -3/36 HPs)
             Began as a Vine Stalker Assassin on Feb 11, 2017.
             Shot with an arrow by a centaur (6 damage)
             ... on level 7 of the Dungeon.
             The game lasted 00:33:40 (4127 turns).

Kosschaser the Sneak (Vine Stalker Assassin)        Turns: 4127, Time: 00:33:40

Health: -3/36      AC:  5    Str: 14    XL:     7   Next: 63%
Magic:  0/8        EV: 12    Int: 14    God:
Gold:   153        SH:  0    Dex: 21    Spells: 0 memorised, 6 levels left

rFire  . . .     SeeInvis .     m - +2 short sword (flame)
rCold  . . .     Gourm    .     q - +0 leather armour of Weightlessness {rElec Int+3 Dex+2}
rNeg   . . .     Faith    .     (no shield)
rPois  .         Spirit   +     (no helmet)
rElec  +         Reflect  .     d - +0 cloak
rCorr  .         Harm     .     (no gloves)
MR     .....                    k - +0 pair of boots
Stlth  ++++......               (no amulet)
                                v - ring of wizardry
                                p - +2 ring of dexterity

@: no status effects
A: fangs 2, regeneration 1, magic shield, antimagic bite, no device heal 3, rot
immunity
a: no special abilities


You were on level 7 of the Dungeon.
You were hungry.

You visited 1 branch of the dungeon, and saw 7 of its levels.

You collected 153 gold pieces.

Inventory:

Hand Weapons
 a - a +2 dagger
 b - a +0 blowgun
 m - a +2 short sword of flaming (weapon)
 B - a +2 dagger of speed
Missiles
 e - 61 poisoned needles
 f - 2 curare-tipped needles
 i - 7 needles of sleeping
 G - 5 needles of confusion
Armour
 d - a +0 cloak (worn)
 k - a +0 pair of boots (worn)
 q - the +0 leather armour of Weightlessness (worn) {rElec Int+3 Dex+2}
   (You found it on level 5 of the Dungeon)

   It affects your intelligence (+3).
   It affects your dexterity (+2).
   It insulates you from electricity.
Rods
 D - a -2 lightning rod (14/14)
   (You found it on level 4 of the Dungeon)
Jewellery
 p - a +2 ring of dexterity (left hand)
 v - a ring of wizardry (right hand)
 C - an uncursed ring of flight
 M - the amulet "Nonoabbu" {Inacc rElec rPois rC- Dex+2, unknown}
   (You found it on level 6 of the Dungeon)

   [amulet of inaccuracy]

   It reduces the accuracy of all your attacks.
   It affects your dexterity (+2).
   It makes you vulnerable to cold.
   It insulates you from electricity.
   It protects you from poison.
Wands
 l - a wand of iceblast (4/15)
 s - a wand of iceblast (1/15)
Scrolls
 h - a scroll of fog
 j - 3 scrolls of teleportation
 t - 2 scrolls of recharging {unknown}
 u - 2 scrolls of random uselessness {unknown}
 w - a scroll of enchant armour {unknown}
 y - a scroll of immolation
 E - a scroll of amnesia {unknown}
 I - a scroll of magic mapping {unknown}
 K - a scroll of vulnerability {unknown}
Potions
 o - 4 potions of flight
 r - 2 potions of agility
 x - a potion of curing
 z - a potion of lignification
 A - a potion of berserk rage
 H - a potion of magic
 L - a potion of mutation
 N - a potion of ambrosia {unknown}
Books
 O - a book of Necromancy

   Spells                             Type                      Level
   a - Pain                           Necromancy                   1
   b - Animate Skeleton               Necromancy                   1
   c - Vampiric Draining              Necromancy                   3
   d - Regeneration                   Charms/Necromancy            3
   e - Animate Dead                   Necromancy                   4
   f - Control Undead                 Necromancy                   4
Comestibles
 c - 2 beef jerkies
 g - 5 bread rations
 n - 2 meat rations
 F - 2 fruits
 J - a slice of pizza


   Skills:
 + Level 3.4 Fighting
 + Level 4.1 Short Blades
 + Level 3.0 Throwing
 + Level 0.1 Armour
 + Level 2.0 Dodging
 + Level 7.8 Stealth


You had 6 spell levels left.
You didn't know any spells.

Dungeon Overview and Level Annotations

Branches:
Dungeon (7/15)
 Temple: D:4-7

Altars:
Ashenzari
Cheibriados
Nemelex Xobeh
Qazlal
Ru
Sif Muna
Xom
The Shining One

Annotations:
D:4 Angani's ghost, amateur OpMo
D:6 Angani's ghost, novice OpMo


Innate Abilities, Weirdness & Mutations

You have extremely sharp teeth.
Your natural rate of healing is unusually fast.
When hurt, damage is shared between your health and your magic reserves.
Your bite disrupts and absorbs the magic of your enemies.
Potions and wands cannot restore your health.
You are immune to rotting.


Message History

The centaur shoots an arrow.
The arrow closely misses you.
You are feeling hungry.
The centaur shoots an arrow.
The arrow hits you.
You see here an arrow.
A centaur comes into view.
The centaur shoots an arrow.
The arrow closely misses you.
The centaur shouts!
You see here an arrow.
The centaur wields a shortbow.
The centaur shoots an arrow.
The arrow hits you!
* * * LOW HITPOINT WARNING * * *
The centaur shoots an arrow.
The arrow completely misses you.
The centaur shoots an arrow.
The arrow barely misses you.
Found a fuming cyan potion.
Things that are here:
an arrow; a ring mail
As you read the scroll of fog, it crumbles to dust.
The scroll dissolves into smoke.
The orc warrior hits you with a mace.
* * * LOW HITPOINT WARNING * * *
The centaur shoots an arrow.
The arrow hits you!
You die...

####...#.####
#...#..: #...#####
#...# ##.####...#
#### #....o.#.##
§§.
....###.#.#####c###
# ####.#...§o§§§.##
#..!.(.(.§c§@§..#
#.##.#######.#..#
.. ...# #.# .#
#.......# #.. ..
.....##.# ##.. #.
#..## #.# ... # .
..# !... ## .##


You could see an orc warrior and 2 centaurs.

Vanquished Creatures
  An ogre (D:6)
  Blork the orc (D:6)
  A crimson imp (D:5)
  A centaur zombie (D:6)
  A hound (D:3)
  2 orc priests
  3 orc wizards
  2 centaur skeletons
  An iguana (D:6)
  A worker ant zombie (D:3)
  3 gnolls (D:4)
  4 adders
  A howler monkey skeleton (D:5)
  2 oozes
  2 worms (D:2)
  6 dart slugs
  7 leopard geckos
  13 orcs
  2 ball pythons
  6 giant cockroaches
  5 goblins
  5 hobgoblins
  7 jackals
  7 kobolds
  A quokka (D:5)
  8 bats
  5 frilled lizards
  A quokka skeleton (D:4)
  13 rats
112 creatures vanquished.

Notes
Turn   | Place    | Note
-------+----------+-------------------------------------------
     0 | D:1      | Kosschaser the Vine Stalker Assassin began the quest for the Orb.
     0 | D:1      | Reached XP level 1. HP: 11/11 MP: 2/2
    29 | D:1      | Reached skill level 5 in Stealth
    42 | D:1      | Reached XP level 2. HP: 15/15 MP: 3/3
   315 | D:1      | Reached skill level 1 in Dodging
   321 | D:1      | Reached XP level 3. HP: 15/18 MP: 2/4
   682 | D:2      | Found a shattered altar of Ashenzari.
   918 | D:2      | Gained mutation: Your natural rate of healing is unusually fast. [Vine Stalker growth]
   918 | D:2      | Reached XP level 4. HP: 16/23 MP: 5/5
   933 | D:2      | Reached skill level 6 in Stealth
  1072 | D:2      | Found a deep blue altar of Sif Muna.
  1074 | D:2      | Found a shimmering altar of Xom.
  1077 | D:2      | Found a snail-covered altar of Cheibriados.
  1078 | D:2      | Found a glowing golden altar of the Shining One.
  1078 | D:2      | Found a sparkling altar of Nemelex Xobeh.
  1079 | D:2      | Found a stormy altar of Qazlal.
  1084 | D:2      | Found a sacrificial altar of Ru.
  1372 | D:3      | Reached XP level 5. HP: 12/26 MP: 4/6
  1879 | D:4      | Reached XP level 6. HP: 32/32 MP: 7/7
  2066 | D:4      | Noticed Angani's ghost (amateur OpMo)
  2555 | D:5      | Entered Level 5 of the Dungeon
  2713 | D:4      | Reached skill level 7 in Stealth
  3068 | D:5      | Reached XP level 7. HP: 36/36 MP: 8/8
  3389 | D:5      | Got a heavily runed leather armour
  3400 | D:5      | Identified the cursed +0 leather armour of Weightlessness {rElec Int+3 Dex+2} (You found it on level 5 of the Dungeon)
  3644 | D:6      | Noticed Blork the orc
  3656 | D:6      | Killed Blork the orc
  3884 | D:6      | Noticed Angani's ghost (novice OpMo)
  4039 | D:6      | Got a sparkling pewter amulet
  4127 | D:7      | Shot with an arrow by a centaur

Skill      XL: |  1  2  3  4  5  6  7 |
---------------+----------------------+-----
Stealth        | 5 6 7 |  7.8
Fighting       | 2 3 |  3.4
Dodging        | 1 2 |  2.0
Short Blades   | 2 3 4 |  4.1
Throwing       | 2 3 |  3.0
Armour         | |  0.1

Action                   |  1- 3 |  4- 6 |  7- 9 || total
-------------------------+-------+-------+-------++-------
Melee: Dagger            |    93 |   247 |     3 ||   343
       Bite              |    22 |    86 |    19 ||   127
       Short sword       |       |       |    34 ||    34
 Fire: Blowgun           |       |    26 |       ||    26
Evoke: Rod               |       |       |     4 ||     4
  Use: Scroll            |       |     9 |    10 ||    19
 Stab: Sleeping          |    14 |    15 |     3 ||    32
       Distracted        |     1 |       |       ||     1
  Eat: Royal jelly       |       |     1 |       ||     1
       Meat ration       |       |     1 |       ||     1
       Fruit             |       |       |     2 ||     2
       Beef jerky        |       |       |     1 ||     1
Armor: Robe              |    29 |    56 |       ||    85
Dodge: Dodged            |    41 |    98 |    22 ||   161
